 Dungeon Crawl Stone Soup version 0.29-a0-96-g93358da72b (webtiles) character file.

Game seed: 15009626538866560531

16 cyrus the Skirmisher (level 2, 0/28 HPs)
             Began as a Naga Fighter on Feb 11, 2022.
             Slain by a gnoll (5 damage)
             ... on level 1 of the Dungeon.
             The game lasted 00:00:45 (483 turns).

cyrus the Skirmisher (Naga Fighter)                  Turns: 483, Time: 00:00:46

Health: 0/28       AC:  4    Str: 18    XL:     2   Next: 58%
Magic:  2/2        EV:  7    Int:  8    God:
Gold:   0          SH:  4    Dex: 10    Spells: 1/1 levels left

rFire   . . .      SeeInvis +   a - +0 trident
rCold   . . .      Faith    .   c - +0 buckler
rNeg    . . .      Spirit   .   b - +0 scale mail
rPois   +          Reflect  .   (no helmet)
rElec   .          Harm     .   (no cloak)
rCorr   .          Rampage  .   (no gloves)
Will    .....                   (no barding)
Stlth   ..........              (no amulet)
HPRegen 0.09/turn               (no ring)
MPRegen 0.08/turn               (no ring)

@: very slow
A: AC +0, large, see invisible, deformed body, poison resistance, slowness 2,
spit poison 1, naga tail 1
a: Spit Poison


You were on level 1 of the Dungeon.
You visited 1 branch of the dungeon, and saw 1 of its levels.

Inventory:

Hand Weapons
 a - a +0 trident (weapon)
Armour
 b - a +0 scale mail (worn)
 c - a +0 buckler (worn)
Scrolls
 e - a scroll of teleportation {unknown}
Potions
 d - 2 potions of might


   Skills:
 + Level 3.2 Fighting
 + Level 2.3 Polearms
 + Level 2.5 Armour
 + Level 2.6 Shields


You had one spell level left.
You didn't know any spells.
Your spell library contained the following spells:

 Spells                   Type           Power      Damage    Failure   Level
 Olgreb's Toxic Radiance  Pois           0%         N/A       100%        4
 Ozocubu's Refrigeration  Ice            0%         4d5       100%        7
 Ignition                 Fire           0%         3d3       100%        8


Dungeon Overview and Level Annotations

Branches:
Dungeon (1/15)

Altars:


Innate Abilities, Weirdness & Mutations

Your serpentine skin is tough. (AC +0)
You have supernaturally acute eyesight. (SInv)
Armour fits poorly on your strangely shaped body.
Your system is resistant to poisons. (rPois)
You cover ground very slowly.
You can spit poison.
You have a snake-like lower body.


Message History

The dart slug is severely wounded.
You hit the dart slug.
The dart slug is almost dead.
The dart slug launches a dart at you. The slug dart hits you.
A dart slug is nearby!
A dart slug is nearby!
You hit the dart slug.
You kill the dart slug!
e - a scroll labelled JUEWYWEANYKK You pick up the Unrestrained Analects and begin reading...
You add the spells Olgreb's Toxic Radiance, Ozocubu's Refrigeration and Ignition to your library.
A bat comes into view.
The bat hits you but does no damage. The bat barely misses you.
The bat hits you. The bat hits you but does no damage.
You closely miss the bat. The bat barely misses you.
You block the bat's attack. The bat barely misses you. The bat hits you.
You barely miss the bat. You block the bat's attack.
You block the bat's attack.
You barely miss the bat. The bat hits you but does no damage.
The bat hits you but does no damage. The bat hits you but does no damage.
The bat hits you but does no damage. The bat barely misses you.
The bat hits you but does no damage.
You hit the bat.
You kill the bat!
A gnoll comes into view. It is wielding a +0 spear.
The gnoll barely misses you.
An endoplasm comes into view.
The endoplasm quivers.
The gnoll hits you with a +0 spear! The gnoll completely misses you.
You closely miss the gnoll. The gnoll hits you with a +0 spear!
You closely miss the gnoll. The gnoll hits you with a +0 spear.
* * * LOW HITPOINT WARNING * * *
You puncture the gnoll!
The gnoll is heavily wounded.
The gnoll hits you with a +0 spear.
You die...

#.## #.#.#.#.#.#
.....##.#...#.#.# #.
#..........#.### # #.
####.#..#....... ..
##.#####.......#.###
#..##.......##.......###
.....####.###.#####..>
#J.####.#..†..# #.##
#.g@.##.#.....# #.#
#.##.##.#.....# #.#
#.##.##.#.....# #.#
#.......#.....# #.##
####.########## #...
####.# ####### ####
#....# #.....######
#.######.##.......# #.#
#.......###.#


You could see a gnoll and an endoplasm.

Vanquished Creatures
  3 dart slugs (D:1)
  A goblin (D:1)
  A hobgoblin (D:1)
  A quokka (D:1)
  2 bats (D:1)
  A kobold (D:1)
  2 rats (D:1)
11 creatures vanquished.

Notes
Turn   | Place    | Note
-------+----------+-------------------------------------------
     0 | D:1      | cyrus the Naga Fighter began the quest for the Orb.
     0 | D:1      | Reached XP level 1. HP: 21/21 MP: 1/1
   224 | D:1      | Reached XP level 2. HP: 24/28 MP: 2/2
   483 | D:1      | Slain by a gnoll

Illustrated notes

Levels and vault maps discovered:
D:1:      lemuel_arrival_behind_the_door_small, layout_loops_cross,
          hellmonk_ecumenical_altar_pennies_from_heaven, minmay_surrounded

Action                   || total
-------------------------++-------
Melee: Trident           ||    39
Armor: Scale mail        ||    18
Dodge: Dodged            ||    23
Block: Buckler           ||    11

Table legend: (Time is in decaauts)
 A = Elapsed time spent in this place.
 B = Non-inter-level travel time spent in this place.
 C = Inter-level travel time spent in this place.
 D = Time resting spent in this place.
 E = Time spent auto-exploring this place.
 F = Levels seen in this place.
 G = Mean time per level.
                   A        B        C        D        E       F      G
               +--------+--------+--------+--------+--------+-----+--------+
         Total |    577 |    577 |      0 |      0 |    459 |   1 |  577.0 |
       Dungeon |    577 |    577 |      0 |      0 |    459 |   1 |  577.0 |
               +--------+--------+--------+--------+--------+-----+--------+

Top non-repeatable levels by time:
     D:1: 577 daAuts
